 Dungeon Crawl Stone Soup version 0.19.1-28-ge1247f7 (webtiles) character file.

42 MovingMist the Skirmisher (level 3, -1/24 HPs)
             Began as a Gargoyle Abyssal Knight on Jan 21, 2017.
             Was a Follower of Lugonu.
             Slain by a quokka (3 damage)
             ... on level 2 of the Dungeon.
             The game lasted 00:02:36 (765 turns).

MovingMist the Skirmisher (Gargoyle Abyssal Knight)  Turns: 765, Time: 00:02:36

Health: -1/24      AC:  6    Str: 16    XL:     3   Next: 54%
Magic:  4/4        EV: 11    Int: 12    God:    Lugonu [*.....]
Gold:   12         SH:  0    Dex:  9    Spells: 0 memorised, 2 levels left

rFire  . . .     SeeInvis .     a - +1 mace
rCold  . . .     Gourm    .     b - +0 leather armour
rNeg   + . .     Faith    .     (no shield)
rPois  ∞         Spirit   .     (no helmet)
rElec  +         Reflect  .     (no cloak)
rCorr  .         Harm     .     (no gloves)
MR     .....                    (no boots)
Stlth  +.........               (no amulet)
                                (no ring)
                                (no ring)

@: no status effects
A: negative energy resistance 1, electricity resistance, unbreathing,
petrification resistance, rot immunity, AC +3
a: Depart the Abyss, Renounce Religion


You were on level 2 of the Dungeon.
You worshipped Lugonu.
Lugonu was aware of your devotion.
You were not hungry.

You visited 1 branch of the dungeon, and saw 2 of its levels.
You visited the Abyss 1 time.

You collected 12 gold pieces.

Inventory:

Hand Weapons
 a - a +1 mace (weapon)
Armour
 b - a +0 leather armour (worn)
Scrolls
 e - 3 scrolls of identify {unknown}
 i - a scroll of teleportation {unknown}
Potions
 h - a potion of resistance
Comestibles
 c - 2 bread rations
 d - 6 fruits
 j - a meat ration


   Skills:
 + Level 3.7 Fighting
 + Level 2.4 Maces & Flails
 - Level 2.1 Armour
 * Level 1.5 Dodging
 + Level 2.6 Invocations


You had 2 spell levels left.
You didn't know any spells.

Dungeon Overview and Level Annotations

Branches:
Dungeon (2/15)

Altars:


Innate Abilities, Weirdness & Mutations

You are resistant to torment.
Your stone body is resilient. (AC +3)
You are immune to poison.
You resist negative energy. (rN+)
You are resistant to electric shocks. (rElec)
You can survive without breathing.
You are immune to petrification.
You are immune to rotting.


Message History

Lugonu accepts your kill. The ball python closely misses you. x2
Unknown command.
You hit the ball python.
The ball python is heavily wounded.
The ball python closely misses you. The ball python grabs you.
The ball python constricts you.
You sock the ball python!
You kill the ball python!
Lugonu accepts your kill.
You barely miss the hobgoblin.
The hobgoblin hits you but does no damage.
You closely miss the hobgoblin. The hobgoblin hits you with a club.
* * * LOW HITPOINT WARNING * * *
The hobgoblin hits you but does no damage.
You thump the hobgoblin!
You kill the hobgoblin!
Lugonu accepts your kill. The quokka bites you.
You die...

.....# .>.# ......
...### ...?... .....#
..... ...#.#### #..# ###
...#....####.## >..#
...#..........## ....#
.............[.###.....#
###...........wr@.[.[..#
##w........#####.....#
######.#### ....# #.#
...# #.. ... #### .. #


You could see a worm and a quokka.

Vanquished Creatures
  3 adders (D:2)
  A bat (D:2)
  A giant cockroach (D:1)
  3 goblins (D:1)
  2 hobgoblins
  2 ball pythons
  2 frilled lizards (D:1)
  2 rats
16 creatures vanquished.

Vanquished Creatures (others)
  A ghoul (D:1)
  2 draconians (D:1)
  2 octopodes (D:1)
  A gargoyle (D:1)
  A vine stalker (D:1)
  An elf (D:1)
  3 humans (D:1)
  3 centaurs (D:1)
  An orc (D:1)
  4 tentacles (D:1)
19 creatures vanquished.

Grand Total: 35 creatures vanquished

Notes
Turn   | Place    | Note
-------+----------+-------------------------------------------
     0 | Abyss:1  | MovingMist the Gargoyle Abyssal Knight began the quest for the Orb.
     0 | Abyss:1  | Reached XP level 1. HP: 14/14 MP: 2/2
    24 | Abyss:1  | Found a corrupted altar of Lugonu.
   138 | Abyss:1  | Noticed a large abomination
   147 | D:1      | Escaped the Abyss
   150 | D:1      | Noticed a centaur
   150 | D:1      | Noticed a gargoyle
   150 | D:1      | Noticed a vine stalker
   150 | D:1      | Noticed an elf
   150 | D:1      | Noticed a human
   150 | D:1      | Noticed a centaur
   150 | D:1      | Noticed a ghoul
   150 | D:1      | Noticed a kraken
   150 | D:1      | Noticed a human
   150 | D:1      | Noticed an octopode
   150 | D:1      | Noticed a draconian
   150 | D:1      | Noticed a centaur
   150 | D:1      | Noticed a draconian
   150 | D:1      | Noticed an octopode
   150 | D:1      | Noticed a human
   151 | D:1      | Killed a centaur
   156 | D:1      | Killed a draconian
   156 | D:1      | Killed an octopode
   156 | D:1      | Killed an octopode
   157 | D:1      | Killed a ghoul
   158 | D:1      | Killed a gargoyle
   160 | D:1      | Killed a vine stalker
   160 | D:1      | Killed a human
   162 | D:1      | Killed a centaur
   162 | D:1      | Killed a human
   163 | D:1      | Killed an elf
   163 | D:1      | Killed a human
   163 | D:1      | Killed a centaur
   165 | D:1      | Killed a draconian
   410 | D:1      | Reached * piety under Lugonu
   410 | D:1      | Reached XP level 2. HP: 13/19 MP: 3/3
   745 | D:2      | Reached skill level 1 in Dodging
   748 | D:2      | Reached XP level 3. HP: 3/24 MP: 4/4
   764 | D:2      | HP: 1/24 [hobgoblin/club (1)]
   765 | D:2      | Slain by a quokka

Skill      XL: |  1  2 |
---------------+-------+-----
Dodging        | 1 |  1.5
Fighting       | |  3.7
Maces & Flails | |  2.4
Armour         | |  2.1
Invocations    | |  2.6

Action                   || total
-------------------------++-------
Melee: Mace              ||    54
Invok: Depart the Abyss  ||     1
  Use: Potion            ||     3
Armor: Leather armour    ||    60
Dodge: Dodged            ||    79
